cohdb
Replays
Latest Replays
All Replays
Popular Replays
Top Player Replays
Match Explorer
How It Works
Community
CoH3 Stats
Reddit
Sign in to upload your games and track your stats! →
Sign in with Steam
Match 43971647
Unlisted
Match 43971647
Overview
Messages
Build Orders
End
Selects Armored Battlegroup
Selects Assault Engineers
Assault Engineer Squad
Construct Barracks
Riflemen Squad
Riflemen Squad
Grenade Package
1⁄4-ton 4x4 Truck
Construct Medical Station
Mechanized Support Center
Construct Weapon Support Center
A Mini Sharpie
Willaguy
0
0
Comments
sign in to comment!
No comments posted yet!